[ AOE2 MATCH · #508392423 ]
UnrankedTupi vs Mongols
Player's team · LOSS
Rival team · WIN
[ REPLAY ANALYSIS · EXTRACTED FROM THE RECORDED GAME ]
Feudal
9:40
Castle
25:51
Imperial
—
| APM avg | 36.5 |
| APM peak | 66 |
| eAPM avg | 23.1 |
| Villagers / military | 67 / 7 |
Focus
⚔️ 45.4% · 🌾 54.6%
Unknown (2550) ×22 · Unknown (2579) ×15 · Spearman ×7
Feudal
10:08
Castle
22:40
Imperial
37:04
| APM avg | 42.2 |
| APM peak | 81 |
| eAPM avg | 20.2 |
| Villagers / military | 110 / 41 |
Focus
⚔️ 24.5% · 🌾 75.5%
Mangudai ×27 · Scout Cavalry ×14
Match map
Initial resources + every placement click. Lines = walls · curves = elevation contours. ◆ gold · ⬟ stone · ● berries · ✦ relic · ◌ wall gap
Your base· Open — unwalled flank
chuoi's base· ✓ Closed at 22:40 · 27t walls · 1 gate(s)
Smoothed initial terrain · ◌ = detected wall gap · hover for details
Inputs per minute
— gupo57 - - chuoi
Build order — gupo57
First 150 of 219 actions detected
| 0:00 | Queue | Villager (Male) |
| 0:00 | Queue | Villager (Male) |
| 0:02 | Build | House |
| 0:03 | Build | House |
| 0:09 | Queue | Villager (Male) |
| 0:15 | Queue | Villager (Male) |
| 1:10 | Queue | Villager (Male) |
| 1:44 | Queue | Villager (Male) |
| 1:47 | Build | House |
| 2:03 | Queue | Villager (Male) |
| 2:47 | Queue | Villager (Male) ×2 |
| 2:51 | Build | Settlement |
| 3:33 | Build | House |
| 3:44 | Queue | Villager (Male) |
| 4:00 | Queue | Villager (Male) ×3 |
| 4:21 | Queue | Villager (Male) ×2 |
| 4:54 | Build | House |
| 4:59 | Queue | Villager (Male) |
| 5:18 | Build | Palisade Wall |
| 5:21 | Build | Palisade Wall |
| 6:07 | Queue | Villager (Male) |
| 6:07 | Queue | Villager (Male) |
| 6:17 | Queue | Villager (Male) |
| 6:17 | Queue | Villager (Male) |
| 6:27 | Queue | Villager (Male) ×2 |
| 6:37 | Build | Outpost |
| 6:45 | Build | Palisade Wall |
| 6:48 | Build | Palisade Wall |
| 6:58 | Research | Loom |
| 7:09 | Build | Settlement |
| 7:21 | Research | Feudal Age |
| 8:04 | Build | Barracks |
| 8:33 | Build | Palisade Wall |
| 8:46 | Queue | Unit 2550 |
| 8:46 | Queue | Unit 2550 |
| 9:20 | Queue | Villager (Male) |
| 9:20 | Queue | Villager (Male) |
| 9:40 | Age | Feudal Age |
| 9:41 | Research | Tech 1402 |
| 9:43 | Queue | Unit 2550 |
| 9:44 | Queue | Unit 2550 |
| 9:45 | Queue | Villager (Male) |
| 9:59 | Build | Watch Tower |
| 10:31 | Research | Double-Bit Axe |
| 11:11 | Build | Watch Tower |
| 11:20 | Build | Watch Tower |
| 11:21 | Queue | Villager (Male) |
| 11:21 | Queue | Villager (Male) |
| 11:34 | Build | Stone Wall |
| 11:35 | Build | Stone Wall |
| 11:36 | Build | Stone Wall |
| 11:39 | Build | Stone Wall |
| 11:40 | Build | Stone Wall |
| 11:41 | Build | Stone Wall |
| 11:42 | Build | Stone Wall |
| 11:43 | Queue | Villager (Male) |
| 12:07 | Queue | Villager (Male) |
| 12:08 | Queue | Villager (Male) |
| 12:20 | Build | Watch Tower |
| 12:51 | Queue | Villager (Male) |
| 12:55 | Build | Settlement |
| 13:16 | Queue | Villager (Male) |
| 13:38 | Build | Watch Tower |
| 13:57 | Build | Stone Wall |
| 13:58 | Build | Stone Wall |
| 14:06 | Build | Watch Tower |
| 14:52 | Build | Stone Wall |
| 15:10 | Build | Settlement |
| 15:15 | Queue | Villager (Male) |
| 15:16 | Queue | Villager (Male) |
| 15:18 | Build | Farm |
| 15:19 | Build | Farm |
| 15:20 | Build | Farm |
| 15:21 | Build | Farm |
| 15:23 | Build | Farm |
| 15:39 | Queue | Spearman |
| 15:46 | Build | Watch Tower |
| 16:02 | Build | Watch Tower |
| 16:03 | Build | Stone Wall |
| 16:06 | Build | Stone Wall |
| 16:09 | Queue | Villager (Male) |
| 16:34 | Queue | Villager (Male) |
| 16:53 | Queue | Villager (Male) |
| 17:02 | Build | Farm |
| 17:03 | Build | Farm |
| 17:06 | Build | Farm |
| 17:13 | Build | Stone Wall |
| 17:19 | Queue | Villager (Male) |
| 17:19 | Queue | Villager (Male) |
| 17:22 | Build | Farm |
| 17:38 | Build | Farm |
| 17:42 | Build | Farm |
| 17:45 | Build | Farm |
| 17:47 | Build | Farm |
| 18:01 | Build | Market |
| 18:04 | Queue | Spearman |
| 18:07 | Queue | Villager (Male) |
| 18:08 | Build | Farm |
| 18:23 | Build | Farm |
| 18:24 | Queue | Villager (Male) |
| 18:49 | Queue | Villager (Male) |
| 18:49 | Queue | Villager (Male) |
| 19:08 | Build | Farm |
| 19:11 | Build | Farm |
| 19:12 | Queue | Villager (Male) |
| 19:17 | Queue | Spearman |
| 19:25 | Queue | Spearman |
| 20:03 | Queue | Spearman |
| 20:09 | Build | Settlement |
| 20:27 | Queue | Villager (Male) |
| 20:28 | Queue | Villager (Male) |
| 20:55 | Build | Palisade Wall |
| 20:56 | Build | Palisade Wall |
| 21:01 | Queue | Villager (Male) |
| 21:07 | Queue | Spearman |
| 21:56 | Build | Palisade Wall |
| 21:57 | Build | Palisade Wall |
| 22:06 | Build | Palisade Wall |
| 22:08 | Build | Palisade Wall |
| 22:10 | Build | Palisade Wall |
| 22:11 | Build | Palisade Wall |
| 22:12 | Build | Palisade Wall |
| 22:21 | Queue | Villager (Male) |
| 22:21 | Queue | Villager (Male) |
| 22:23 | Build | Blacksmith |
| 22:32 | Queue | Villager (Male) |
| 22:39 | Research | Stone Mining |
| 22:41 | Research | Gold Mining |
| 22:44 | Research | Horse Collar |
| 22:52 | Research | Fletching |
| 22:54 | Research | Castle Age |
| 22:54 | Research | Castle Age |
| 23:11 | Queue | Spearman |
| 23:14 | Build | Stone Wall |
| 23:15 | Build | Stone Wall |
| 23:16 | Build | Stone Wall |
| 23:19 | Build | Farm |
| 23:28 | Build | Stone Wall |
| 23:31 | Build | Gate |
| 23:32 | Build | Stone Wall |
| 24:09 | Build | Watch Tower |
| 24:11 | Build | Settlement |
| 24:28 | Build | House |
| 24:45 | Research | Scale Mail Armor |
| 24:45 | Research | Forging |
| 24:50 | Build | Farm |
| 25:30 | Queue | Unit 2550 |
| 25:37 | Build | Barracks |
| 25:51 | Age | Castle Age |
| 25:59 | Queue | Villager (Male) |
Build order — chuoi
First 150 of 301 actions detected
| 0:01 | Queue | Villager (Male) |
| 0:01 | Queue | Villager (Male) |
| 0:02 | Build | House |
| 0:03 | Build | House |
| 0:06 | Queue | Villager (Male) |
| 0:10 | Queue | Villager (Male) |
| 1:42 | Queue | Villager (Male) |
| 1:49 | Queue | Villager (Male) |
| 2:11 | Build | House |
| 2:17 | Build | Mill |
| 2:19 | Queue | Villager (Male) |
| 2:57 | Queue | Villager (Male) |
| 2:58 | Queue | Villager (Male) |
| 3:29 | Queue | Villager (Male) |
| 3:41 | Queue | Villager (Male) |
| 3:41 | Queue | Villager (Male) |
| 4:02 | Queue | Villager (Male) |
| 4:02 | Queue | Villager (Male) |
| 4:02 | Queue | Villager (Male) |
| 4:13 | Queue | Villager (Male) |
| 4:13 | Queue | Villager (Male) |
| 4:37 | Queue | Villager (Male) |
| 4:37 | Queue | Villager (Male) |
| 4:50 | Build | Lumber Camp |
| 5:01 | Queue | Villager (Male) |
| 5:16 | Queue | Villager (Male) |
| 5:46 | Build | House |
| 5:54 | Build | Palisade Wall |
| 6:14 | Queue | Villager (Male) |
| 6:58 | Build | Mill |
| 7:21 | Build | Palisade Wall |
| 7:25 | Research | Loom |
| 7:25 | Research | Loom |
| 7:25 | Research | Feudal Age |
| 7:26 | Research | Feudal Age |
| 8:38 | Build | Palisade Wall |
| 8:46 | Queue | Villager (Male) |
| 9:21 | Build | Barracks |
| 9:25 | Queue | Villager (Male) |
| 9:43 | Build | Palisade Wall |
| 10:03 | Queue | Villager (Male) |
| 10:08 | Age | Feudal Age |
| 10:17 | Build | Stable |
| 10:29 | Queue | Villager (Male) |
| 10:32 | Build | Stone Wall |
| 10:48 | Build | Palisade Wall |
| 10:50 | Build | Palisade Wall |
| 11:00 | Queue | Scout Cavalry |
| 11:00 | Queue | Scout Cavalry |
| 11:01 | Queue | Scout Cavalry |
| 11:08 | Build | House |
| 11:10 | Build | House |
| 11:32 | Build | House |
| 11:40 | Research | Double-Bit Axe |
| 11:40 | Research | Double-Bit Axe |
| 11:53 | Queue | Villager (Male) |
| 12:05 | Queue | Scout Cavalry |
| 12:05 | Queue | Scout Cavalry |
| 12:09 | Build | House |
| 12:10 | Build | Palisade Wall |
| 12:23 | Build | Market |
| 12:23 | Queue | Villager (Male) |
| 12:44 | Build | Lumber Camp |
| 12:48 | Queue | Villager (Male) |
| 12:59 | Build | House |
| 13:09 | Queue | Scout Cavalry |
| 13:12 | Queue | Villager (Male) |
| 13:14 | Build | Farm |
| 13:22 | Build | Mill |
| 13:30 | Build | House |
| 13:33 | Queue | Villager (Male) |
| 13:34 | Queue | Scout Cavalry |
| 13:37 | Build | Farm |
| 13:43 | Queue | Villager (Male) |
| 13:49 | Build | Farm |
| 13:59 | Build | Farm |
| 14:02 | Queue | Villager (Male) |
| 14:06 | Build | Watch Tower |
| 14:15 | Queue | Villager (Male) |
| 14:33 | Queue | Scout Cavalry |
| 14:33 | Queue | Scout Cavalry |
| 14:33 | Queue | Scout Cavalry |
| 15:01 | Build | Farm |
| 15:05 | Build | Farm |
| 15:06 | Queue | Scout Cavalry |
| 15:16 | Build | Farm |
| 15:17 | Queue | Villager (Male) |
| 15:29 | Build | Farm |
| 15:33 | Queue | Villager (Male) |
| 15:49 | Build | Farm |
| 16:04 | Queue | Villager (Male) |
| 16:13 | Queue | Villager (Male) |
| 16:20 | Build | Lumber Camp |
| 16:29 | Queue | Scout Cavalry |
| 16:33 | Queue | Villager (Male) |
| 16:37 | Queue | Villager (Male) |
| 16:40 | Build | Mining Camp |
| 16:54 | Queue | Scout Cavalry |
| 16:54 | Queue | Scout Cavalry |
| 17:07 | Build | Farm |
| 17:44 | Queue | Villager (Male) |
| 18:04 | Build | Mining Camp |
| 18:19 | Queue | Villager (Male) |
| 18:22 | Build | House |
| 18:25 | Research | Wheelbarrow |
| 18:25 | Research | Wheelbarrow |
| 18:36 | Queue | Villager (Male) |
| 18:43 | Build | Market |
| 18:48 | Build | Mill |
| 18:50 | Build | Farm |
| 18:50 | Build | Farm |
| 18:51 | Build | Farm |
| 18:51 | Build | Farm |
| 18:51 | Build | Farm |
| 18:51 | Build | Farm |
| 19:48 | Build | Farm |
| 20:00 | Research | Castle Age |
| 20:20 | Build | Farm |
| 20:35 | Research | Horse Collar |
| 20:35 | Research | Horse Collar |
| 20:37 | Research | Stone Mining |
| 20:57 | Queue | Villager (Male) |
| 21:11 | Build | Palisade Gate |
| 21:25 | Research | Gold Mining |
| 21:25 | Research | Gold Mining |
| 21:40 | Research | Bloodlines |
| 22:05 | Queue | Villager (Male) |
| 22:40 | Age | Castle Age |
| 22:53 | Build | Castle |
| 22:59 | Build | Castle |
| 23:14 | Research | Bow Saw |
| 23:15 | Queue | Villager (Male) |
| 23:18 | Queue | Villager (Male) |
| 23:28 | Build | Blacksmith |
| 23:45 | Research | Town Watch |
| 23:46 | Research | Town Watch |
| 23:53 | Queue | Villager (Male) |
| 24:01 | Build | Mining Camp |
| 24:06 | Research | Fletching |
| 24:19 | Build | Farm |
| 24:20 | Queue | Villager (Male) |
| 24:23 | Queue | Villager (Male) |
| 24:31 | Build | Town Center |
| 24:35 | Queue | Mangudai |
| 24:35 | Queue | Mangudai |
| 24:36 | Queue | Mangudai |
| 24:36 | Queue | Mangudai |
| 25:03 | Research | Bodkin Arrow |
| 25:03 | Research | Bodkin Arrow |
| 25:14 | Build | Farm |
Match timeline
| 5:18 | gupo57 · wall_segment Palisade Wall x6 |
| 5:21 | gupo57 · wall_segment Palisade Wall x2 |
| 5:54 | chuoi · wall_segment Palisade Wall x3 |
| 6:45 | gupo57 · wall_segment Palisade Wall x1 |
| 6:48 | gupo57 · wall_segment Palisade Wall x2 |
| 7:21 | chuoi · wall_segment Palisade Wall x8 |
| 8:04 | gupo57 · first_building Barracks |
| 8:33 | gupo57 · wall_segment Palisade Wall x7 |
| 8:38 | chuoi · wall_segment Palisade Wall x3 |
| 9:21 | chuoi · first_building Barracks |
| 9:40 | gupo57 · age_up feudal |
| 9:43 | chuoi · wall_segment Palisade Wall x4 |
| 10:08 | chuoi · age_up feudal |
| 10:17 | chuoi · first_building Stable |
| 10:32 | chuoi · wall_segment Stone Wall x5 |
| 10:48 | chuoi · wall_segment Palisade Wall x1 |
| 10:50 | chuoi · wall_segment Palisade Wall x2 |
| 11:34 | gupo57 · wall_segment Stone Wall x1 |
| 11:35 | gupo57 · wall_segment Stone Wall x1 |
| 11:36 | gupo57 · wall_segment Stone Wall x1 |
| 11:39 | gupo57 · wall_segment Stone Wall x1 |
| 11:40 | gupo57 · wall_segment Stone Wall x1 |
| 11:41 | gupo57 · wall_segment Stone Wall x1 |
| 11:42 | gupo57 · wall_segment Stone Wall x1 |
| 12:10 | chuoi · wall_segment Palisade Wall x1 |
| 13:57 | gupo57 · wall_segment Stone Wall x1 |
| 13:58 | gupo57 · wall_segment Stone Wall x1 |
| 14:52 | gupo57 · wall_segment Stone Wall x1 |
| 16:03 | gupo57 · wall_segment Stone Wall x1 |
| 16:06 | gupo57 · wall_segment Stone Wall x1 |
| 17:13 | gupo57 · wall_segment Stone Wall x2 |
| 20:47 | chuoi · first_market_sell 100 wood |
| 20:48 | chuoi · first_market_buy 100 stone |
| 20:55 | gupo57 · wall_segment Palisade Wall x3 |
| 20:56 | gupo57 · wall_segment Palisade Wall x1 |
| 21:11 | gupo57 · first_market_sell 100 stone |
| 21:56 | gupo57 · wall_segment Palisade Wall x1 |
| 21:57 | gupo57 · wall_segment Palisade Wall x1 |
| 22:06 | gupo57 · wall_segment Palisade Wall x1 |
| 22:08 | gupo57 · wall_segment Palisade Wall x1 |
| 22:10 | gupo57 · wall_segment Palisade Wall x1 |
| 22:11 | gupo57 · wall_segment Palisade Wall x1 |
| 22:12 | gupo57 · wall_segment Palisade Wall x1 |
| 22:40 | chuoi · age_up castle |
| 22:53 | chuoi · first_building Castle |
| 23:14 | gupo57 · wall_segment Stone Wall x1 |
| 23:15 | gupo57 · wall_segment Stone Wall x1 |
| 23:16 | gupo57 · wall_segment Stone Wall x1 |
| 23:28 | gupo57 · wall_segment Stone Wall x2 |
| 23:32 | gupo57 · wall_segment Stone Wall x1 |
| 25:51 | gupo57 · age_up castle |
| 26:03 | gupo57 · first_market_buy 100 stone |
| 26:23 | gupo57 · first_building Castle |
| 26:50 | chuoi · wall_segment Palisade Wall x1 |
| 26:52 | chuoi · wall_segment Palisade Wall x1 |
| 29:09 | gupo57 · wall_segment Stone Wall x1 |
| 29:11 | gupo57 · wall_segment Stone Wall x1 |
| 29:12 | gupo57 · wall_segment Stone Wall x1 |
| 33:01 | gupo57 · wall_segment Stone Wall x1 |
| 34:10 | gupo57 · wall_segment Stone Wall x1 |
| 34:25 | chuoi · first_building Archery Range |
| 37:04 | chuoi · age_up imperial |
| 37:21 | gupo57 · resign |
[ AI ANALYSIS · 1 CREDIT ]
What really happened in this match?
Wolo.gg analyzes every decision: build order, eco, micro, common mistakes by bracket. Personalized analysis on WhatsApp or Discord in 30 seconds.
Civ guide
Tupi
Perfil
Jugador #25273866